 Dungeon Crawl Stone Soup version 0.17.1-3-g152610e (webtiles) character file.

319 moxian the Charmwright (level 6, -6/42 HPs)
             Began as a High Elf Skald on Apr 17, 2016.
             Mangled by an iguana (12 damage)
             ... on level 4 of the Dungeon.
             The game lasted 00:18:31 (4181 turns).

moxian the Charmwright (High Elf Skald)             Turns: 4181, Time: 00:18:31

Health: -6/42      AC:  3    Str: 12    XL:     6   Next: 21%
Magic:  11/11      EV:  7    Int: 16    God:
Gold:   188        SH:  4    Dex: 16    Spells: 2 memorised, 8 levels left

rFire  . . .     SeeInvis +     a - +0 falchion
rCold  . . .     Clarity  .     b - +0 leather armour
rNeg   . . .     SustAt   .     g - +0 buckler
rPois  .         Gourm    .     (no helmet)
rElec  .         Spirit   .     (no cloak)
rCorr  .         Warding  .     (no gloves)
rMut   .         Stasis   .     (no boots)
MR     .....                    (no amulet)
Stlth  +.........               (no ring)
                                A - ring of see invisible

@: not resistant to hostile enchantments, very unstealthy
A: no striking features
a: no special abilities


You were on level 4 of the Dungeon.
You were not hungry.

You visited 1 branch of the dungeon, and saw 4 of its levels.

You collected 188 gold pieces.

Inventory:

Hand Weapons
 a - a +0 falchion (weapon)
 u - a +0 club
Missiles
 e - 126 arrows
 n - 5 tomahawks (quivered)
Armour
 b - a +0 leather armour (worn)
 g - a +0 buckler (worn)
 q - a +0 scale mail
 C - a +0 ring mail
Jewellery
 A - a ring of see invisible (left hand)
Wands
 B - a wand of draining (5)
Scrolls
 j - 2 scrolls of fear {unknown}
 k - a scroll of noise {unknown}
 l - a scroll of amnesia {unknown}
 m - a scroll of recharging {unknown}
 o - a scroll of fog {unknown}
 v - 2 scrolls of remove curse {unknown}
 w - 2 scrolls of immolation {unknown}
 x - 2 scrolls of identify {unknown}
 y - a scroll of random uselessness {unknown}
Potions
 f - a potion of agility {unknown}
 h - a potion of mutation {unknown}
 i - 2 potions of curing {unknown}
 p - 4 potions of brilliance {unknown}
 r - 2 potions of flight {unknown}
Books
 c - a book of Battle

   Spells                             Type                      Level
   a - Infusion                       Charms                       1
   b - Shroud of Golubria             Charms/Translocation         2
   c - Song of Slaying                Charms                       2
   d - Spectral Weapon                Hexes/Charms                 3
   e - Regeneration                   Charms/Necromancy            3
Comestibles
 d - 2 bread rations
 s - 2 meat rations
 t - a beef jerky
 z - 2 fruits


   Skills:
 + Level 3.4 Fighting
 + Level 4.0 Long Blades
 + Level 2.2 Armour
 + Level 2.8 Dodging
 * Level 1.9 Shields
 - Level 3.1 Spellcasting
 - Level 4.1 Charms


You had 8 spell levels left.
You knew the following spells:

 Your Spells              Type           Power        Failure   Level  Hunger
a - Infusion              Chrm           ###...       8%          1    #......
b - Shroud of Golubria    Chrm/Tloc      #.........   24%         2    ##.....


Dungeon Overview and Level Annotations

Branches:
Dungeon (4/15)
 Temple: D:4-7

Altars:

Annotations:
D:2 Terence


Message History

The iguana bites you but does no damage.
The iguana bites you!
* * * LOW HITPOINT WARNING * * *
You barely miss the iguana.
The iguana is severely wounded.
You block the iguana's attack.
You hit the iguana but do no damage.
The iguana is severely wounded.
The iguana misses you.
You barely miss the iguana.
The iguana is severely wounded.
The iguana bites you!
* * * LOW HITPOINT WARNING * * *
You hit the iguana but do no damage.
The iguana is severely wounded.
You block the iguana's attack.
There is an open door here.
There is an escape hatch in the ceiling here.
The iguana bites you!
You die...

##########.#
#..........#
#.##########
#.# #.#
##.####.######
#............#
#####
#######l####.#
#...# #@##.#.#
#...# #....#.#
#...##
#.#....#
#....#
###....#
#....# #..(.#
#....# #.^..#
#....# #....#
#....# #....#
##...# ##.#.#
#...#


You could see an iguana.

Vanquished Creatures
  An ogre (D:4)
  A sky beast (D:4)
  Ijyb (D:2)
  3 adders
  An ooze (D:2)
  3 worms
  5 orcs (D:3)
  2 giant cockroaches
  7 hobgoblins
  6 jackals (D:2)
  5 kobolds
  2 ball pythons
  6 bats
  2 giant geckos
  7 giant newts
  12 goblins
  8 rats
72 creatures vanquished.

Notes
Turn   | Place    | Note
--------------------------------------------------------------
     0 | D:1      | moxian the High Elf Skald began the quest for the Orb.
     0 | D:1      | Reached XP level 1. HP: 14/14 MP: 4/4
   208 | D:1      | Reached skill level 1 in Armour
   259 | D:1      | Reached XP level 2. HP: 5/19 MP: 6/6
  1417 | D:2      | Reached XP level 3. HP: 25/25 MP: 8/8
  1475 | D:2      | Noticed Ijyb
  1793 | D:2      | Noticed Terence
  1984 | D:2      | Killed Ijyb
  1984 | D:2      | Reached skill level 4 in Charms
  1984 | D:2      | Reached XP level 4. HP: 20/30 MP: 7/9
  1988 | D:2      | Learned a level 2 spell: Shroud of Golubria
  2635 | D:3      | Reached skill level 1 in Shields
  3609 | D:4      | Noticed an ogre
  3622 | D:4      | Killed an ogre
  3622 | D:4      | Reached XP level 5. HP: 20/36 MP: 1/10
  3905 | D:4      | Noticed a sky beast
  3938 | D:4      | Killed a sky beast
  3938 | D:4      | Reached XP level 6. HP: 37/42 MP: 4/11
  4181 | D:4      | Mangled by an iguana

Action                   |  1- 3 |  4- 6 || total
-------------------------+-------+-------++-------
Melee: Falchion          |   162 |   147 ||   309
       Club              |       |     5 ||     5
Throw: Tomahawk          |     3 |     3 ||     6
 Cast: Infusion          |     7 |     6 ||    13
       Shroud of Golubri |       |     4 ||     4
  Use: Potion            |       |     1 ||     1
  Eat: Chunk             |     3 |     8 ||    11
